 Dungeon Crawl Stone Soup version 0.31-a0-358-gac0dbeb3ab (webtiles) character file.

Game seed: 3738469656881377963

122832 cforsyth the Prestidigitator (level 16, -1/112 HPs)
             Began as a Gnoll Artificer on July 26, 2023.
             Was the Champion of Hepliaklqana.
             Killed from afar by a shock serpent (7 damage)
             ... with an electric aura
             ... on level 1 of the Snake Pit.
             The game lasted 00:56:06 (35178 turns).

cforsyth the Prestidigitator (Gnoll Artificer)     Turns: 35178, Time: 00:56:06

Health: -1/112     AC: 17    Str: 15    XL:     16   Next: 88%
Magic:  18/31      EV: 16    Int: 18    God:    Hepliaklqana [******]
Gold:   1977       SH:  5    Dex: 14    Spells: 11/37 levels left

rFire   + . .        v - +8 frozen axe "Frostbite" {freeze, freezing cloud, *Noise Fly rC+}
rCold   + + .        (shield currently unavailable)
rNeg    . . .        Q - +0 acid dragon scales
rPois   .            a - +0 helmet
rElec   .            H - +2 cloak
rCorr   +            c - +0 pair of gloves
SInv    .            b - +0 pair of boots
Will    +....        E - amulet of reflection
Stlth   ++++         V - ring of protection from cold
HPRegen 0.38/turn    P - ring "Hilej" {Fly rF+ Str+2 Dex+2}
MPRegen 0.22/turn

%: reflection
@: lethally poisoned (-1 -> -5), forested, flying, studying Shields
A: reduced essence, fangs 1, strong nose, distributed training
a: Renounce Religion, Recall Ancestor, Ancestor Identity, Transference, Idealise


You were on level 1 of the Snake Pit.
You worshipped Hepliaklqana.
Hepliaklqana was exalted by your worship.
You visited 5 branches of the dungeon, and saw 24 of its levels.
You also visited: Sewer and Ice Cave.

You collected 3496 gold pieces.
You spent 1519 gold pieces at shops.

Inventory:

Hand Weapons
 v - the +8 frozen axe "Frostbite" (weapon) {freeze, freezing cloud, *Noise Fly rC+}
   (You found it in an ice cave)

   rC:        It protects you from cold.
   Fly:       It grants you flight.
   *Noise:    It may make noises in combat.
 C - the +12 spear of Linearity {antimagic, Int+4 Dex+4}
   (You bought it in a shop on level 11 of the Dungeon)

   Int:       It affects your intelligence (+4).
   Dex:       It affects your dexterity (+4).
Missiles
 l - 8 javelins
 r - 7 silver javelins
 X - 2 throwing nets
Armour
 a - a +0 helmet (worn)
 b - a +0 pair of boots (worn)
 c - a +0 pair of gloves (worn)
 H - a +2 cloak (worn)
 N - a +2 robe of willpower
 Q - +0 acid dragon scales (worn)
Jewellery
 f - a ring of flight
 k - a ring of protection from cold
 m - a +4 ring of protection
 x - a ring of protection from fire
 E - an amulet of reflection (around neck)
 I - a +6 ring of strength
 K - a +6 ring of dexterity
 P - the ring "Hilej" (right hand) {Fly rF+ Str+2 Dex+2}
   (You found it on level 9 of the Dungeon)

   [ring of flight]

   Str:       It affects your strength (+2).
   Dex:       It affects your dexterity (+2).
   rF:        It protects you from fire.
   Fly:       It grants you flight.
 V - a ring of protection from cold (left hand)
 Z - a +6 ring of dexterity
Wands
 d - a wand of charming (21)
 p - a wand of digging (6)
 z - a wand of quicksilver (8)
 J - a wand of mindburst (23)
 R - a wand of roots (10)
Scrolls
 g - 5 scrolls of immolation
 q - a scroll of amnesia
 s - 3 scrolls of identify
 u - 6 scrolls of teleportation
 w - 7 scrolls of poison
 y - 3 scrolls of vulnerability
 A - 4 scrolls of enchant armour
 G - 5 scrolls of brand weapon {unknown}
 L - 4 scrolls of fear {unknown}
 M - 5 scrolls of fog {unknown}
 O - 2 scrolls of revelation
 S - a scroll of butterflies
 U - a scroll of blinking
Potions
 e - 2 potions of might
 h - 4 potions of curing
 i - 5 potions of resistance
 j - 5 potions of mutation
 n - 3 potions of enlightenment
 o - 4 potions of haste
 t - 4 potions of invisibility
 B - 4 potions of attraction
 D - a potion of ambrosia
 F - 5 potions of lignification
 T - 3 potions of brilliance
 W - 3 potions of magic
 Y - 2 potions of heal wounds


   Skills:
 + Level 11.3 Fighting
 + Level 11.0 Short Blades
 + Level 11.0 Long Blades
 + Level 11.0 Axes
 + Level 11.0 Maces & Flails
 + Level 11.0 Polearms
 + Level 11.0 Staves
 + Level 11.0 Ranged Weapons
 + Level 11.0 Throwing
 + Level 11.9 Armour
 + Level 11.3 Dodging
 + Level 11.2 Stealth
 + Level 11.7 Shields
 + Level 11.0 Unarmed Combat
 + Level 11.0 Spellcasting
 + Level 9.2 Conjurations
 + Level 9.2 Hexes
 + Level 9.2 Summonings
 + Level 9.2 Necromancy
 + Level 9.2 Translocations
 + Level 9.2 Transmutations
 + Level 9.2 Fire Magic
 + Level 9.2 Ice Magic
 + Level 9.2 Air Magic
 + Level 9.2 Earth Magic
 + Level 9.2 Poison Magic
 + Level 11.9 Invocations
 + Level 12.7 Evocations
 + Level 9.2 Shapeshifting


You had 11 spell levels left.
You knew the following spells:

 Your Spells              Type           Power      Damage    Failure   Level
a - Olgreb's Toxic Radia  Pois           43%        N/A       1%          4
b - Sandblast             Erth           86%        2d18      1%          1
c - Yara's Violent Unrav  Hex/Tmut       21%        3d10      5%          5
f - Summon Forest         Summ/Tloc      21%        N/A       5%          5
g - Summon Cactus Giant   Summ           21%        N/A       30%         6
h - Summon Mana Viper     Hex/Summ       43%        N/A       5%          5

Your spell library contained the following spells:

 Spells                   Type           Power      Damage    Failure   Level
 Slow                     Hex            100%       N/A       1%          1
 Sting                    Tmut/Pois      100%       1d8       1%          1
 Summon Small Mammal      Summ           100%       N/A       1%          1
 Blink                    Tloc           86%        N/A       1%          2
 Cigotuvi's Dreadful Rot  Necr/Pois/Air  86%        N/A       1%          2
 Lesser Beckoning         Tloc           86%        N/A       1%          2
 Momentum Strike          Conj/Tloc      86%        3d10      1%          2
 Passwall                 Tmut/Erth      35%        N/A       1%          2
 Poisonous Vapours        Pois/Air       86%        N/A       1%          2
 Call Canine Familiar     Summ           43%        N/A       1%          3
 Confusing Touch          Hex            43%        N/A       1%          3
 Frozen Ramparts          Ice            86%        1d13      1%          3
 Hailstorm                Conj/Ice       43%        3d10      1%          3
 Ignite Poison            Fire/Tmut/Pois 43%        N/A       1%          3
 Ozocubu's Armour         Ice            43%        N/A       1%          3
 Stone Arrow              Conj/Erth      86%        3d12      1%          3
 Summon Guardian Golem    Hex/Summ       43%        N/A       1%          3
 Tukima's Dance           Hex            43%        N/A       1%          3
 Vampiric Draining        Necr           43%        2d9       1%          3
 Leda's Liquefaction      Hex/Erth       21%        N/A       1%          4
 Passage of Golubria      Tloc           43%        N/A       1%          4
 Petrify                  Tmut/Erth      43%        N/A       1%          4
 Summon Ice Beast         Ice/Summ       43%        N/A       1%          4
 Fireball                 Conj/Fire      21%        3d10      5%          5
 Freezing Cloud           Conj/Ice/Air   21%        6-21      5%          5
 Iskenderun's Battlesphe  Conj           43%        2d9       5%          5
 Lee's Rapid Deconstruct  Erth           21%        3d12*     5%          5
 Metabolic Englaciation   Hex/Ice        21%        N/A       5%          5
 Conjure Ball Lightning   Conj/Air       21%        3x3d6     30%         6
 Leda's Unmaking          Conj/Erth      21%        9d4       30%         6
 Simulacrum               Ice/Necr       21%        N/A       30%         6
 Orb of Destruction       Conj           21%        9d8       86%         7
 Ozocubu's Refrigeration  Ice            21%        4d12      86%         7
 Polar Vortex             Ice            21%        12d2*     100%        9


Dungeon Overview and Level Annotations

Branches:
Dungeon (15/15) Temple (1/1) D:6 Lair (5/5) D:10 Snake (1/4) Lair:3 Slime (0/5) Lair:5 Orc (2/2) D:11 Elf (0/3) Orc:2 Vaults (0/5) D:12 D:13 Depths (0/4) D:15 Sewer (visited) IceCv (visited) Swamp: Lair:2-3 Shoals: Lair:2-3

Altars:
Ashenzari
Cheibriados
Dithmenos
Elyvilon
Fedhas
Gozag
Hepliaklqana
Kikubaaqudgha
Makhleb
Nemelex Xobeh
Okawaru
Qazlal
Ru
Sif Muna
Trog
Uskayaw
Vehumet
Wu Jian
Xom
Yredelemnul
Zin
The Shining One
Jiyva

Shops:
D:1 ?   D:3 ?   D:11 (*?[   D:13 (   Orc:1 [?:   Orc:2 ?([:[

Annotations:
Snake:1 Aizul


Innate Abilities, Weirdness & Mutations

Your life essence is reduced to manifest your ancestor. (-10% HP)
You have very sharp teeth.
Your uncanny sense of smell can sniff out nearby items.
Your experience applies equally to all skills.


Message History

* * * LOW HITPOINT WARNING * * *
You feel very sick. Branches wave dangerously above you.
Your mana viper closely misses Aizul.
The shock serpent bites you but does no damage.
Aizul casts a spell at your mana viper. The poison arrow hits your mana viper!!
Your mana viper partially resists.
Your mana viper is poisoned.
Your mana viper bites Aizul but does no damage.
The shock serpent bites you but does no damage.
Aizul casts a spell at your mana viper.
Your mana viper resists with almost no effort.
Your dryad hits Aizul but does no damage.
You hit the shock serpent.
The shock serpent seems to slow down.
You freeze the shock serpent.
The shock serpent is severely wounded.
You feel very sick.
Your mana viper barely misses Aizul.
Aizul falters for a moment.
The shock serpent is engulfed in freezing vapours.
The shock serpent shoots out a bolt of lightning at you!
The bolt of electricity hits you!
* * * LOW HITPOINT WARNING * * *
The shock serpent's electric aura discharges, shocking you!
* * * LOW HITPOINT WARNING * * *
Your cactus giant hits Aizul with a +0 giant spiked club!
Your dryad hits Aizul.
Your snaplasher vine closely misses Aizul.
Your snaplasher vine hits Aizul.
Your mana viper misses Aizul.
Aizul falters for a moment.
You closely miss the shock serpent. Your bite misses the shock serpent.
The shock serpent is almost dead.
You feel sick.
The forest calms down.
Aizul barely misses your snaplasher vine.
Your mana viper misses Aizul.
Your snaplasher vine closely misses Aizul.
Your snaplasher vine barely misses Aizul.
The shock serpent is engulfed in freezing vapours.
You kill the shock serpent!
The air sparks with electricity, shocking you!
You die...

♣ #♣♣#
.\#...#
..──...###
....w....
.....SR.#
~~~..CS@#
≈~~...§.♣
~.~#♣...#
.........
....♣...♣♣
..........
........###
.......♣#
....... ∆


You could see Aizul (distracted, ally target, magic disrupted), a friendly dryad
(summoned), a friendly mana viper (summoned, very poisoned), a friendly cactus
giant (summoned) and a friendly snaplasher vine.

Vanquished Creatures
  The ghost of Qymaymp the Geomancer, an adept GrEE of Vehumet (D:14)
  Nessos (D:13)
  A dire elephant (Lair:5)
  The ghost of mandoloar the Martial Artist, a journeyman OpSh of the Shining One (D:11)
  3 centaur warriors
  2 boulder beetles
  A hydra (Lair:5)
  A two-headed ogre (Orc:1)
  A dancing weapon (D:11)
  A tengu warrior (D:14)
  A death knight (D:15)
  Sonja (Lair:2)
  A shock serpent (Snake:1)
  A skyshark (Lair:3)
  3 skeletal warriors
  2 bog bodies (IceCv)
  6 orc knights
  A deep elf pyromancer (D:15)
  A nameless horror (D:13)
  5 cyclopes
  8 ugly things
  2 manticores
  6 black mambas
  9 elephants
  An orange demon (D:12)
  14 cane toads
  A rust devil (D:12)
  An unseen horror (D:12)
  5 komodo dragons
  5 rime drakes
  A freezing wraith (IceCv)
  2 ice devils (IceCv)
  A yaktaur (D:13)
  An anaconda simulacrum (IceCv)
  3 trolls
  A hellwing (D:12)
  8 polar bears
  Grinder (D:3)
  2 raiju (Lair:5)
  7 blink frogs
  4 slime creatures
  5 wyverns
  7 humans (D:12)
  4 basilisks
  16 yaks
  A redback (D:14)
  4 vampire mosquitoes (D:11)
  A death yak simulacrum (IceCv)
  3 steam dragons
  A chaos spawn (D:12)
  7 wargs
  2 harpy simulacra (IceCv)
  Duvessa (D:5)
  2 acid dragons
  17 water moccasins
  A swamp worm (Lair:2)
  8 hell hounds (Lair:5)
  3 ice beasts
  2 sky beasts
  14 black bears
  23 orc warriors
  12 wolves
  14 centaurs
  4 ogres
  2 phantoms
  2 gnoll sergeants
  2 kobold brigands
  6 bullfrogs
  A scorpion (D:6)
  2 two-headed ogre simulacra (IceCv)
  2 cane toad simulacra (IceCv)
  9 wights
  Dowan (D:5)
  9 killer bees
  A vampire bat (Lair:2)
  3 electric eels (D:12)
  2 howler monkeys
  2 hounds
  2 jellies
  2 gnoll boudas
  5 orc priests
  2 sleepcaps
  Ijyb (D:3)
  Terence (D:2)
  3 iguanas
  12 orc wizards
  A hell rat (Sewer)
  2 polar bear simulacra (IceCv)
  3 troll simulacra (IceCv)
  4 spriggan simulacra (IceCv)
  13 gnolls
  4 adders
  3 naga simulacra (IceCv)
  7 river rats
  2 shadow imps (D:6)
  7 white imps
  6 ufetubi
  4 dart slugs
  71 orcs
  6 endoplasms
  6 giant cockroaches
  3 goblins
  5 hobgoblins
  5 jackals
  20 kobolds
  2 quokkas
  12 ball pythons
  6 bats
  2 frilled lizards
  16 rats
552 creatures vanquished.

Vanquished Creatures (collateral kills)
  A stone giant (D:15)
  4 boulder beetles
  A hydra (Lair:5)
  Erica (Orc:1)
  A centaur warrior (D:15)
  A two-headed ogre (D:13)
  3 tengu warriors
  Urug (D:13)
  A soul eater (D:12)
  2 skeletal warriors
  2 phantasmal warriors (D:15)
  A deep elf pyromancer (D:15)
  An orc knight (Orc:2)
  2 cyclopes
  6 ugly things
  2 elephants (Lair:3)
  4 cane toads
  An ice statue (IceCv)
  3 black mambas
  A gargoyle (D:12)
  Maggie (Lair:1)
  2 unseen horrors
  A rime drake (Lair:5)
  4 komodo dragons
  An ice devil (D:12)
  A freezing wraith (D:15)
  2 hellwings (D:12)
  4 trolls
  3 polar bears (Lair:5)
  A raiju (Lair:5)
  6 blink frogs
  A jumping spider (D:14)
  3 slime creatures
  A culicivora (shapeshifter) (D:13)
  A wraith (D:11)
  3 shadows
  2 wyverns
  3 basilisks
  9 humans (D:13)
  8 yaks
  2 redbacks (D:14)
  A vampire mosquito (D:11)
  6 hell hounds (Lair:5)
  A warg (Lair:5)
  An acid dragon (D:11)
  5 water moccasins
  A hydra simulacrum (IceCv)
  13 orc warriors
  A black bear (Lair:5)
  6 wolves
  4 ogres (Orc:1)
  3 centaurs (Orc:2)
  A kobold brigand (D:10)
  6 bullfrogs
  5 two-headed ogre simulacra (IceCv)
  3 electric eels
  A howler monkey (D:10)
  2 orc priests
  2 troll simulacra (IceCv)
  2 orc wizards
  3 hell rats (Lair:5)
  A spriggan simulacrum (IceCv)
  A wolf simulacrum (IceCv)
  A gnoll (D:10)
  A naga simulacrum (IceCv)
  A river rat (Lair:5)
  4 white imps (IceCv)
  5 ufetubi (IceCv)
  20 orcs
  A bat (Lair:2)
  A kobold (D:10)
  2 rats (Lair:5)
203 creatures vanquished.

Vanquished Creatures (others)
  A water moccasin (D:10)
  An ogre (D:7)
  2 ancestors
  27 battlemagi
31 creatures vanquished.

Grand Total: 786 creatures vanquished

Notes
Turn   | Place    | Note
-------+----------+-------------------------------------------
     0 | D:1      | cforsyth the Gnoll Artificer began the quest for the Orb.
     0 | D:1      | Reached XP level 1. HP: 17/17 MP: 1/1
   178 | D:1      | Reached XP level 2. HP: 17/23 MP: 2/2
   989 | D:1      | Found The Oracle's Delphic Readings.
  1045 | D:2      | Reached XP level 3. HP: 28/28 MP: 3/3
  1100 | D:2      | Noticed Terence
  1108 | D:2      | Killed Terence
  1109 | D:2      | Reached skill level 1 in Short Blades
  1109 | D:2      | Reached skill level 1 in Long Blades
  1109 | D:2      | Reached skill level 1 in Axes
  1109 | D:2      | Reached skill level 1 in Maces & Flails
  1109 | D:2      | Reached skill level 1 in Polearms
  1109 | D:2      | Reached skill level 1 in Staves
  1109 | D:2      | Reached skill level 1 in Ranged Weapons
  1109 | D:2      | Reached skill level 1 in Throwing
  1109 | D:2      | Reached skill level 1 in Shields
  1109 | D:2      | Reached skill level 1 in Unarmed Combat
  1109 | D:2      | Reached skill level 1 in Spellcasting
  1109 | D:2      | Reached skill level 1 in Invocations
  1260 | D:2      | Reached XP level 4. HP: 34/34 MP: 5/5
  1864 | D:3      | Noticed Grinder
  1864 | D:3      | Paralysed by Grinder for 2 turns
  1880 | D:3      | Killed Grinder
  1881 | D:3      | Reached skill level 1 in Conjurations
  1881 | D:3      | Reached skill level 1 in Hexes
  1881 | D:3      | Reached skill level 1 in Summonings
  1881 | D:3      | Reached skill level 1 in Necromancy
  1881 | D:3      | Reached skill level 1 in Translocations
  1881 | D:3      | Reached skill level 1 in Transmutations
  1881 | D:3      | Reached skill level 1 in Fire Magic
  1881 | D:3      | Reached skill level 1 in Ice Magic
  1881 | D:3      | Reached skill level 1 in Air Magic
  1881 | D:3      | Reached skill level 1 in Earth Magic
  1881 | D:3      | Reached skill level 1 in Poison Magic
  1881 | D:3      | Reached skill level 1 in Shapeshifting
  1881 | D:3      | Reached XP level 5. HP: 33/41 MP: 5/7
  1881 | D:3      | Reached XP level 6. HP: 38/47 MP: 5/8
  1971 | D:3      | Reached skill level 5 in Armour
  2323 | D:3      | Found Zamaox's Magic Scroll Shop.
  2330 | D:3      | Noticed Ijyb
  2347 | D:3      | Killed Ijyb
  3137 | D:4      | Reached XP level 7. HP: 48/52 MP: 10/10
  3146 | D:4      | Found a glowing drain.
  3157 | Sewer    | Entered a sewer
  3228 | Sewer    | Reached skill level 7 in Evocations
  3991 | D:5      | Entered Level 5 of the Dungeon
  4312 | D:5      | Noticed Dowan
  4313 | D:5      | Noticed Duvessa
  4323 | D:5      | Killed Duvessa
  4324 | D:5      | Reached XP level 8. HP: 53/60 MP: 12/12
  4328 | D:5      | Killed Dowan
  5197 | D:6      | You fall into a shaft and drop 3 floors!
  5651 | D:6      | Found a staircase to the Ecumenical Temple.
  5665 | D:6      | Reached XP level 9. HP: 54/66 MP: 14/14
  5711 | Temple   | Entered the Ecumenical Temple
  6097 | D:6      | Found a broken altar of Ashenzari.
  6278 | D:6      | Reached skill level 5 in Fighting
  6278 | D:6      | Reached skill level 5 in Dodging
  6660 | D:6      | Reached skill level 5 in Stealth
  6694 | D:6      | Reached skill level 8 in Evocations
  6985 | D:6      | Reached skill level 5 in Invocations
  7844 | D:7      | Found a shadowy altar of Dithmenos.
  7845 | D:7      | Found a burning altar of Makhleb.
  7845 | D:7      | Found a glowing golden altar of the Shining One.
  7846 | D:7      | Found a shimmering altar of Xom.
  8129 | D:7      | Found a sparkling altar of Nemelex Xobeh.
  8129 | D:7      | Found a hide-covered altar of Uskayaw.
  8607 | D:8      | Reached XP level 10. HP: 69/75 MP: 17/17
  8698 | D:8      | Reached skill level 5 in Short Blades
  8698 | D:8      | Reached skill level 5 in Long Blades
  8698 | D:8      | Reached skill level 5 in Axes
  8698 | D:8      | Reached skill level 5 in Maces & Flails
  8698 | D:8      | Reached skill level 5 in Polearms
  8698 | D:8      | Reached skill level 5 in Staves
  8698 | D:8      | Reached skill level 5 in Ranged Weapons
  8698 | D:8      | Reached skill level 5 in Throwing
  8698 | D:8      | Reached skill level 5 in Shields
  8698 | D:8      | Reached skill level 5 in Unarmed Combat
  8698 | D:8      | Reached skill level 5 in Spellcasting
  9857 | D:9      | Found a hazy altar of Hepliaklqana.
  9865 | D:9      | Became a worshipper of Hepliaklqana the Forgotten
  9917 | D:9      | Identified the ring "Hilej" {Fly rF+ Str+2 Dex+2}
 10324 | D:9      | Identified the +7 spear of the Egg {speed, Will+}
 10669 | D:9      | Reached * piety under Hepliaklqana
 11236 | D:10     | Entered Level 10 of the Dungeon
 11476 | D:10     | Found a staircase to the Lair.
 12232 | D:10     | Reached XP level 11. HP: 53/74 MP: 19/19
 12237 | D:10     | Reached skill level 9 in Evocations
 12325 | D:10     | Reached skill level 5 in Conjurations
 12325 | D:10     | Reached skill level 5 in Hexes
 12325 | D:10     | Reached skill level 5 in Summonings
 12325 | D:10     | Reached skill level 5 in Necromancy
 12325 | D:10     | Reached skill level 5 in Translocations
 12325 | D:10     | Reached skill level 5 in Transmutations
 12325 | D:10     | Reached skill level 5 in Fire Magic
 12325 | D:10     | Reached skill level 5 in Ice Magic
 12325 | D:10     | Reached skill level 5 in Air Magic
 12325 | D:10     | Reached skill level 5 in Earth Magic
 12325 | D:10     | Reached skill level 5 in Poison Magic
 12325 | D:10     | Reached skill level 5 in Shapeshifting
 12641 | D:10     | Learned a level 4 spell: Olgreb's Toxic Radiance
 12643 | D:10     | Learned a level 1 spell: Sandblast
 12901 | D:11     | Found Dosmae's Magic Scroll Boutique.
 12921 | D:11     | Noticed a cyclops
 12946 | D:11     | Killed a cyclops
 13229 | D:11     | Found Qaobb's Armour Emporium.
 13262 | D:11     | Noticed a cyclops
 13280 | D:11     | Killed a cyclops
 13659 | D:11     | Found Alecuove's Antique Weapon Shoppe.
 13667 | D:11     | Bought a warped spear for 256 gold pieces
 13667 | D:11     | Identified the +12 spear of Linearity {antimagic, Int+4
                  | Dex+4} (You bought it in a shop on level 11 of the Dungeon)
 13675 | D:11     | Found a runed translucent door.
 13675 | D:11     | Found a shimmering altar of Xom.
 13675 | D:11     | Noticed mandoloar's ghost (journeyman OpSh)
 13675 | D:11     | Noticed a +0 trident of chaos
 13692 | D:11     | Found Poutoaw's Assorted Antiques.
 13752 | D:11     | Reached ** piety under Hepliaklqana
 13752 | D:11     | Identified the +6 chain mail "Qafi" {Harm *Slow Will-
                  | Int+6}
 13762 | D:11     | Bought a sapphire potion for 29 gold pieces
 13762 | D:11     | Bought a bubbling white potion for 29 gold pieces
 13789 | D:11     | Noticed a cyclops
 13795 | D:11     | Noticed a cyan ugly thing
 13799 | D:11     | Remembered your ancestor Zdislav as a battlemage
 14471 | D:11     | Found a staircase to the Orcish Mines.
 14574 | D:11     | Killed a cyan ugly thing
 15289 | D:11     | Killed a +0 trident of chaos
 15509 | D:11     | Killed mandoloar's ghost
 15652 | D:12     | Noticed a cyan ugly thing
 15661 | D:12     | Killed a cyan ugly thing
 15913 | D:12     | Noticed a brown ugly thing
 15926 | D:12     | Killed a brown ugly thing
 16283 | D:12     | Reached XP level 12. HP: 81/81 MP: 7/22
 16567 | D:12     | Noticed a soul eater
 16614 | D:12     | Killed a soul eater
 17312 | D:12     | Noticed a boulder beetle
 17315 | D:12     | Noticed a centaur warrior
 17326 | D:12     | Killed a centaur warrior
 17327 | D:12     | Reached skill level 10 in Evocations
 17351 | D:12     | Killed a boulder beetle
 17749 | Lair:1   | Entered Level 1 of the Lair of Beasts
 18087 | Lair:1   | Reached *** piety under Hepliaklqana
 18092 | Lair:1   | Noticed Maggie
 18106 | Lair:1   | Killed Maggie
 18822 | Lair:2   | You fall into a shaft and drop 2 floors!
 18842 | Lair:3   | Reached XP level 13. HP: 47/89 MP: 7/25
 19778 | Lair:3   | Reached **** piety under Hepliaklqana
 20331 | Lair:3   | Found a staircase to the Snake Pit.
 20861 | Lair:2   | Noticed Sonja
 21016 | Lair:2   | Killed Sonja
 21641 | Lair:2   | Reached skill level 10 in Armour
 21641 | Lair:2   | Reached skill level 11 in Evocations
 22489 | Lair:4   | Reached XP level 14. HP: 97/97 MP: 8/26
 23372 | Lair:5   | Entered Level 5 of the Lair of Beasts
 23505 | Lair:5   | Reached skill level 10 in Invocations
 23550 | Lair:5   | Reached ***** piety under Hepliaklqana
 23587 | Lair:5   | Found a viscous altar of Jiyva.
 23588 | Lair:5   | Found a staircase to the Slime Pits.
 24117 | Lair:5   | Noticed a dire elephant
 24147 | Lair:5   | Killed a dire elephant
 24571 | Lair:5   | Reached skill level 10 in Fighting
 24571 | Lair:5   | Reached skill level 10 in Dodging
 24879 | Lair:5   | Reached skill level 10 in Stealth
 25483 | Orc:1    | Entered Level 1 of the Orcish Mines
 25483 | Orc:1    | You are sucked into a shaft and drop 1 floor!
 25483 | Orc:2    | Entered Level 2 of the Orcish Mines
 25686 | Orc:1    | Noticed Erica
 25697 | Orc:1    | Killed Erica
 26063 | Orc:2    | Found a staircase to the Elven Halls.
 27186 | Orc:2    | Found Sevemyfao's Magic Scroll Shop.
 27402 | Orc:2    | Reached XP level 15. HP: 25/103 MP: 9/28
 27402 | Orc:2    | Reached skill level 10 in Short Blades
 27402 | Orc:2    | Reached skill level 10 in Long Blades
 27402 | Orc:2    | Reached skill level 10 in Axes
 27402 | Orc:2    | Reached skill level 10 in Maces & Flails
 27402 | Orc:2    | Reached skill level 10 in Polearms
 27402 | Orc:2    | Reached skill level 10 in Staves
 27402 | Orc:2    | Reached skill level 10 in Ranged Weapons
 27402 | Orc:2    | Reached skill level 10 in Throwing
 27402 | Orc:2    | Reached skill level 10 in Shields
 27402 | Orc:2    | Reached skill level 10 in Unarmed Combat
 27402 | Orc:2    | Reached skill level 10 in Spellcasting
 27402 | Orc:2    | Reached skill level 12 in Evocations
 27402 | Orc:2    | Reached XP level 16. HP: 27/110 MP: 10/30
 27691 | Orc:2    | Found Eruad's Book Shoppe.
 27691 | Orc:2    | Found Coymamu's Antique Armour Shop.
 27691 | Orc:2    | Found Ohep's Antique Weapon Boutique.
 27694 | Orc:2    | Found Woffir's Armour Emporium.
 28025 | Orc:1    | Found Down's Book Shop.
 28025 | Orc:1    | Found Zaenlamed's Armour Shop.
 28395 | Orc:1    | Bought a manual of Shields for 960 gold pieces
 28401 | Orc:1    | Learned a level 5 spell: Yara's Violent Unravelling
 28408 | Orc:1    | Learned a level 6 spell: Summon Cactus Giant
 28414 | Orc:1    | Learned a level 5 spell: Summon Forest
 28420 | Orc:1    | Learned a level 5 spell: Summon Mana Viper
 28420 | Orc:1    | Found Xaman's Magic Scroll Shoppe.
 29098 | D:13     | Noticed Urug
 29098 | D:13     | Found a gate to the Vaults.
 29280 | D:13     | Killed Urug
 29283 | D:13     | Noticed Nessos
 29295 | D:13     | Killed Nessos
 29356 | D:13     | Found a frozen archway.
 29367 | IceCv    | Entered an ice cave
 30040 | IceCv    | Found the +8 frozen axe "Frostbite" {freeze, freezing
                  | cloud, *Noise Fly rC+}
 30417 | IceCv    | Identified the +0 leather armour "Todoew" {Int+4}
 30961 | D:13     | Found Huxt's Antique Weapon Boutique.
 31837 | D:13     | Bought a jewelled dagger for 245 gold pieces
 31837 | D:13     | Identified the +4 dagger of the Five Nightingales
                  | {antimagic, Str+6 Int-5 Dex+5} (You bought it in a shop on
                  | level 13 of the Dungeon)
 32171 | D:14     | Found a runed translucent gate.
 32171 | D:14     | Found a runed translucent gate.
 32172 | D:14     | Noticed Qymaymp's ghost (adept GrEE)
 32174 | D:14     | Found a runed translucent gate.
 32201 | D:14     | Identified the +0 chain mail "Ulirreng" {rElec}
 33151 | D:14     | Identified the +3 halberd of Balance {pain, rPois Will+
                  | Str+3 Dex-4}
 33376 | D:14     | Killed Qymaymp's ghost
 33445 | D:15     | Entered Level 15 of the Dungeon
 34125 | D:15     | Found a staircase to the Depths.
 34754 | D:15     | Reached ****** piety under Hepliaklqana
 35165 | Snake:1  | Entered Level 1 of the Snake Pit
 35165 | Snake:1  | Noticed Aizul
 35178 | Snake:1  | Killed from afar by a shock serpent

Illustrated notes

Levels and vault maps discovered:
D:1:      onia_arrival_pyramid, layout_basic, minivault_5,
          nicolae_nh_oracle_at_delphi
D:2:      layout_basic, bh_walls_and_bars, uniq_terence
D:3:      layout_loops_ring, serial_shops, shop, uniq_grinder, uniq_ijyb
D:4:      layout_loops_corners, portal_sewer_entry_e
D:5:      layout_loops_cross, grunt_ministairs_3, nicolae_figureground_sparkle,
          uniq_duvessa
D:6:      layout_loops_ring, marbit_many_paths, minmay_temple_entry_large_hall
D:7:      layout_cave_pools, chequers_temple_overflow_statue_of_worship,
          gammafunk_temple_overflow_wave, hangedman_decor_peaks_small,
          minmay_misc_feat_doors
D:8:      cheibrodos_steamvent, layout_loops_ring, chequers_jeans, minivault_22
D:9:      cheibrodos_iron_armory, layout_stronghold, kennysheep_little_box,
          roderic_lattice_a
D:10:     layout_long_grid, due_lair_maze_entry_diamond
D:11:     layout_long_grid, hiddenorc2_lemuel, ebering_ghost_xom, serial_shops,
          shop, nicolae_inconvenience_store, shop, nicolae_shop_peninsula,
          nicolae_water_bricks, st_stairs_9
D:12:     layout_basic, serial_demonic, serial_demonic_f, serial_demonic_d,
          serial_demonic_d, serial_demonic_f, kennysheep_small_square
D:13:     layout_basic, david_vaults_3, serial_shops, shop_statue,
          portal_ice_cave_entry_pillars_1, uniq_nessos
D:14:     layout_roguey, nicolae_benzene_ring, ebering_ghost_rock_garden
D:15:     grunt_enter_depths_giant_problem, layout_basic
Temple:   minmay_temple_curvy_branch
Lair:1:   layout_misc_corridors, uniq_maggie
Lair:2:   layout_roguey, palyth_hydra_swamp_entry,
          cheibrodos_lair_caveside_slide, roderic_batcave,
          chequers_serial_rivers_marsh, minmay_hedge_maze,
          chequers_serial_rivers_micro_e, chequers_serial_rivers_micro_e,
          nicolae_quartered_pool_super, beast_lair_carwin_8, uniq_sonja
Lair:3:   layout_gridlike, minmay_snake_entry_six_corridors, st_stairs_9,
          nzn_sisyphean_effort, grunt_megastairs_2
Lair:4:   layout_cave_shapes
Lair:5:   hangedman_lair_caniforms_friends, layout_layer_cave,
          minmay_slime_entry_pillars, kennysheep_abandoned_house,
          serial_bayou_shore_b
Snake:1:  nicolae_snake_attic_fulla_snakes, layout_gridlike, minmay_shop_star,
          uniq_aizul
Orc:1:    layout_caves, serial_shops, shop_coins, shop, shop,
          nicolae_orc_rockfall, lightli_orcish_oven, uniq_erica
Orc:2:    st_orc_rangers, layout_caves, serial_shops, shop, basic_altar

Skill      XL: |  1  2  3  4  5  6  7  8  9 10 11 12 13 14 15 16 |
---------------+-------------------------------------------------+-----
Short Blades   | 1 2 3 4 5 6 8 9 10 11 | 11.0
Long Blades    | 1 2 3 4 5 6 8 9 10 11 | 11.0
Axes           | 1 2 3 4 5 6 8 9 10 11 | 11.0
Maces & Flails | 1 2 3 4 5 6 8 9 10 11 | 11.0
Polearms       | 1 2 3 4 5 6 8 9 10 11 | 11.0
Staves         | 1 2 3 4 5 6 8 9 10 11 | 11.0
Ranged Weapons | 1 2 3 4 5 6 8 9 10 11 | 11.0
Throwing       | 1 2 3 4 5 6 8 9 10 11 | 11.0
Shields        | 1 2 3 4 5 6 8 9 10 11 | 11.7
Unarmed Combat | 1 2 3 4 5 6 8 9 10 11 | 11.0
Spellcasting   | 1 2 3 4 5 6 8 9 10 11 | 11.0
Invocations    | 1 2 3 4 5 6 7 8 9 10 11 | 11.9
Fighting       | 3 4 5 6 7 8 9 10 11 | 11.3
Dodging        | 3 4 5 6 7 8 9 10 11 | 11.3
Stealth        | 3 4 5 6 7 8 9 10 11 | 11.2
Conjurations   | 1 2 3 4 5 6 7 8 9 |  9.2
Hexes          | 1 2 3 4 5 6 7 8 9 |  9.2
Summonings     | 1 2 3 4 5 6 7 8 9 |  9.2
Necromancy     | 1 2 3 4 5 6 7 8 9 |  9.2
Translocations | 1 2 3 4 5 6 7 8 9 |  9.2
Transmutations | 1 2 3 4 5 6 7 8 9 |  9.2
Fire Magic     | 1 2 3 4 5 6 7 8 9 |  9.2
Ice Magic      | 1 2 3 4 5 6 7 8 9 |  9.2
Air Magic      | 1 2 3 4 5 6 7 8 9 |  9.2
Earth Magic    | 1 2 3 4 5 6 7 8 9 |  9.2
Poison Magic   | 1 2 3 4 5 6 7 8 9 |  9.2
Shapeshifting  | 1 2 3 4 5 6 7 8 9 |  9.2
Armour         | 5 6 7 8 9 10 11 | 11.9
Evocations     | 7 8 9 10 11 12 | 12.7

Action                     |  1- 3 |  4- 6 |  7- 9 | 10-12 | 13-15 | 16-18 || total
---------------------------+-------+-------+-------+-------+-------+-------++-------
  Melee: Club              |   131 |       |       |       |       |       ||   131
         Bite              |    10 |    10 |    54 |    98 |   126 |    65 ||   363
         Punch             |     2 |     2 |    15 |    32 |    68 |    30 ||   149
         Short sword       |     9 |   124 |   497 |   440 |       |       ||  1070
         Spear             |       |       |       |   348 |   976 |   355 ||  1679
         Executioner's axe |       |       |       |       |       |    78 ||    78
  Throw: Javelin           |     6 |     3 |       |       |       |       ||     9
   Cast: Sandblast         |       |       |       |     9 |       |       ||     9
         Summon Mana Viper |       |       |       |       |       |    18 ||    18
         Summon Forest     |       |       |       |       |       |    13 ||    13
         Summon Cactus Gia |       |       |       |       |       |     5 ||     5
 Invoke: Recall Ancestor   |       |       |       |     2 |     6 |       ||     8
         Ancestor Life: Ba |       |       |       |     1 |       |       ||     1
  Evoke: Wand              |     4 |     8 |     5 |    13 |     3 |     4 ||    37
    Use: Scroll            |       |    11 |     3 |     9 |     6 |     2 ||    31
         Potion            |       |       |       |     4 |     1 |       ||     5
   Stab: Sleeping          |     1 |     1 |       |     1 |    13 |    11 ||    27
         Distracted        |       |       |       |     4 |    21 |    10 ||    35
 Armour: Leather armour    |    54 |     2 |       |       |       |       ||    56
         Chain mail        |       |    60 |   315 |   186 |       |       ||   561
         Acid dragon scale |       |       |       |   134 |   267 |   145 ||   546
  Dodge: Dodged            |   108 |    27 |   186 |   295 |   487 |   268 ||  1371
  Block: Other             |       |       |    61 |   143 |   184 |    69 ||   457
         Reflection        |       |       |     2 |     1 |    32 |     5 ||    40

Table legend: (Time is in decaauts)
 A = Elapsed time spent in this place.
 B = Non-inter-level travel time spent in this place.
 C = Inter-level travel time spent in this place.
 D = Time resting spent in this place.
 E = Time spent auto-exploring this place.
 F = Levels seen in this place.
 G = Mean time per level.
                   A        B        C        D        E       F      G
               +--------+--------+--------+--------+--------+-----+--------+
         Total |  34515 |  32814 |   1701 |   5817 |  21224 |  26 | 1327.5 |
       Dungeon |  22492 |  21237 |   1255 |   3531 |  14027 |  15 | 1499.5 |
        Temple |    135 |    130 |      5 |      0 |     68 |   1 |  135.0 |
          Lair |   7166 |   6811 |    355 |    658 |   4994 |   5 | 1433.2 |
     Snake Pit |     14 |     14 |      0 |      0 |      0 |   1 |   14.0 |
  Orcish Mines |   3322 |   3238 |     84 |   1334 |   1400 |   2 | 1661.0 |
         Sewer |    165 |    165 |      0 |      0 |    116 |   1 |  165.0 |
      Ice Cave |   1218 |   1218 |      0 |    294 |    618 |   1 | 1218.0 |
               +--------+--------+--------+--------+--------+-----+--------+

Top non-repeatable levels by time:
    D:12: 2880 daAuts
    D:11: 2703 daAuts
     D:6: 2243 daAuts
     D:9: 2134 daAuts
  Lair:3: 1889 daAuts
  Lair:5: 1851 daAuts
   Orc:2: 1716 daAuts
   Orc:1: 1605 daAuts
    D:15: 1565 daAuts
    D:10: 1529 daAuts
    D:14: 1400 daAuts
     D:8: 1378 daAuts
  Lair:4: 1376 daAuts
   IceCv: 1218 daAuts
    D:13: 1163 daAuts
